 Dungeon Crawl Stone Soup version 0.24.0-123-gd5b16e6ec5 (webtiles) character file.

Game seed: 9793685637824729, levelgen mode: deterministic

6159 Seryemb the Thaumaturge (level 10, -4/75 HPs)
             Began as a Gnoll Wizard on Jan 8, 2020.
             Was a Believer of Ashenzari.
             Slain by a two-headed ogre
             ... wielding a +0 dire flail
              (18 damage)
             ... on level 11 of the Dungeon.
             The game lasted 00:33:30 (10112 turns).

Seryemb the Thaumaturge (Gnoll Wizard)             Turns: 10112, Time: 00:33:31

Health: -4/75      AC:  7    Str: 10    XL:     10   Next: 90%
Magic:  16/23      EV: 15    Int: 25    God:    Ashenzari [**....]
Gold:   548        SH:  0    Dex: 21    Spells: 14/27 levels left

rFire    . . .     SeeInvis +   a - +4 halberd of Calamity {flame, *Rage +Rage Str-4 Int+3 Dex+7} (curse)
rCold    . . .     Gourm    .   (shield currently unavailable)
rNeg     . . .     Faith    .   c - +0 ring mail
rPois    .         Spirit   .   i - +0 hat
rElec    .         Reflect  .   A - scarf {repulsion}
rCorr    .         Harm     .   K - +0 pair of gloves
MR       .....     Rnd*Rage +   (no boots)
Stlth    +++.......             (no amulet)
HPRegen  0.22/turn              o - +3 ring of strength
MPRegen  0.18/turn              u - ring of see invisible

@: berserk cooldown, slowed, repel missiles, very slow
A: distributed training, fangs 1, strong nose
a: Curse Item, Scrying, Renounce Religion, Evoke Berserk Rage


You were on level 11 of the Dungeon.
You worshipped Ashenzari.
Ashenzari was pleased with you.
You were near starving.

You visited 2 branches of the dungeon, and saw 12 of its levels.

You collected 548 gold pieces.

Inventory:

Hand Weapons
 a - the cursed +4 halberd of Calamity (weapon) {flame, *Rage +Rage Str-4 Int+3 Dex+7}
   (You found it on level 6 of the Dungeon)

   It has been specially enchanted to burn those struck by it, causing extra
   injury to most foes and up to half again as much damage against particularly
   susceptible opponents.
   Big, fiery blades are also staple armaments of hydra-hunters.
   It affects your strength (-4).
   It affects your intelligence (+3).
   It affects your dexterity (+7).
   It lets you go berserk.
   It may make you go berserk in combat.
   It has a curse placed upon it.
 b - a +2 hunting sling of flaming
 C - a +0 flail
 G - a +4 battleaxe of freezing
 H - a +4 spear
Missiles
 l - 72 sling bullets
Armour
 c - a +0 ring mail (worn)
 i - a +0 hat (worn)
 j - a +0 pair of gloves
 A - a scarf of repulsion (worn)
 I - a +2 robe of cold resistance
 K - a +0 pair of gloves (worn)
Jewellery
 m - an uncursed ring of fire
 o - a +3 ring of strength (left hand)
 u - a ring of see invisible (right hand)
 z - an uncursed ring of wizardry
 F - an uncursed ring of protection from fire
 M - an uncursed amulet of faith
 P - a +5 ring of intelligence
 R - an uncursed amulet of regeneration
Wands
 E - a wand of polymorph (20)
 S - a wand of digging (4)
Scrolls
 g - 5 scrolls of teleportation
 n - 6 scrolls of identify
 w - 3 scrolls of enchant weapon {unknown}
 y - 3 scrolls of remove curse
 J - a scroll of immolation {unknown}
 N - a scroll of amnesia
 O - a scroll of noise {unknown}
Potions
 e - 2 potions of cancellation
 f - 2 potions of invisibility
 h - a potion of ambrosia
 k - 2 potions of degeneration {unknown}
 p - a potion of might
 q - 3 potions of haste
 r - 6 potions of curing
 s - 2 potions of heal wounds
 t - 2 potions of berserk rage
 v - a potion of flight {unknown}
 x - 2 potions of resistance {unknown}
 B - 2 potions of magic {unknown}
 D - 3 potions of lignification {unknown}
 L - 2 potions of agility {unknown}
 Q - a potion of brilliance {unknown}
Comestibles
 d - 24 rations


   Skills:
 + Level 5.6 Fighting
 + Level 5.6 Short Blades
 + Level 5.6 Long Blades
 + Level 5.6 Axes
 + Level 5.6 Maces & Flails
 + Level 5.6(8.6) Polearms
 + Level 5.6 Staves
 + Level 5.6 Slings
 + Level 5.6 Bows
 + Level 5.6 Crossbows
 + Level 5.6 Throwing
 + Level 5.6 Armour
 + Level 7.3 Dodging
 + Level 7.1 Stealth
 + Level 5.6 Shields
 + Level 5.6 Unarmed Combat
 + Level 9.2 Spellcasting
 + Level 5.1 Conjurations
 + Level 4.6 Hexes
 + Level 4.6 Charms
 + Level 5.1 Summonings
 + Level 4.6 Necromancy
 + Level 5.1 Translocations
 + Level 4.6 Transmutations
 + Level 4.6 Fire Magic
 + Level 4.6 Ice Magic
 + Level 4.6 Air Magic
 + Level 4.6 Earth Magic
 + Level 4.6 Poison Magic
 + Level 6.1 Invocations
 + Level 5.6 Evocations


You had 14 spell levels left.
You knew the following spells:

 Your Spells              Type           Power        Failure   Level  Hunger
a - Magic Dart            Conj           ####         1%          1    None
b - Call Imp              Summ           #####...     2%          2    None
c - Poisonous Vapours     Pois/Air       ####..       2%          2    None
e - Conjure Flame         Conj/Fire      #####...     4%          3    None
f - Mephitic Cloud        Conj/Pois/Air  #####...     5%          3    None
i - Blink                 Tloc           N/A          2%          2    None

Your spell library contained the following spells:

 Spells                   Type           Power        Failure   Level  Hunger
 Animate Skeleton         Necr           N/A          1%          1    None
 Apportation              Tloc           #####.       1%          1    None
 Confusing Touch          Hex            ####..       1%          1    None
 Corona                   Hex            ####...      1%          1    None
 Summon Small Mammal      Summ           ####         1%          1    None
 Ensorcelled Hibernation  Hex/Ice        ####..       2%          2    None
 Slow                     Hex            ####....     2%          2    None
 Dazzling Spray           Conj/Hex       #####.       4%          3    None
 Confuse                  Hex            ####....     5%          3    None
 Tukima's Dance           Hex            ####....     5%          3    None
 Freezing Cloud           Conj/Ice/Air   #####.....   95%         6    ######.
 Ring of Flames           Chrm/Fire      ####......   100%        7    #######


Dungeon Overview and Level Annotations

Branches:
Dungeon (11/15)            Temple (1/1) D:5            Lair (0/6) D:10
    Orc: D:9-12

Altars:
Ashenzari
Cheibriados
Elyvilon
Fedhas
Gozag
Hepliaklqana
Kikubaaqudgha
Makhleb
Nemelex Xobeh
Okawaru
Qazlal
Ru
Sif Muna
Uskayaw
Vehumet
Wu Jian
Xom
Yredelemnul
Zin
The Shining One

Shops:
D:7 =   D:10 %

Annotations:
D:4 Sigmund
D:9 Erolcha


Innate Abilities, Weirdness & Mutations

Your experience applies equally to all skills.
You have very sharp teeth.
Your uncanny sense of smell can sniff out nearby items.


Message History

The two-headed ogre misses you.
You puncture the yak! You burn the yak.
You kill the yak!
You puncture the two-headed ogre! You burn the two-headed ogre.
The two-headed ogre is moderately wounded.
The two-headed ogre hits you with a +0 dire flail.
The two-headed ogre hits you with a +0 giant club!
You slice the two-headed ogre!! You burn the two-headed ogre!
The two-headed ogre is severely wounded.
You are no longer berserk.
You are exhausted.
You feel yourself slow down.
You hit the two-headed ogre. You burn the two-headed ogre.
The two-headed ogre is almost dead.
The two-headed ogre hits you with a +0 dire flail!
The two-headed ogre misses you.
The two-headed ogre hits you with a +0 dire flail!!
* * * LOW HITPOINT WARNING * * *
The two-headed ogre hits you with a +0 giant club!!
You die...

,* * * *
################ *
,,
...)...<@O......,
,
,....$....†......,
, .$..#####.......
, ##. ..##### * *,
* ..# ,,* ..# ..#
* * , ..# * , *


You could see a two-headed ogre.

Vanquished Creatures
  A two-headed ogre (D:10)
  An unseen horror (D:8)
  Joseph (D:9)
  A troll (D:9)
  8 yaks
  Eustachio (D:6)
  A hog (D:7)
  A hungry ghost (D:10)
  A human (D:7)
  3 orc warriors
  An ice beast (D:6)
  3 sky beasts
  A necrophage (D:7)
  An ogre (D:6)
  A centaur (D:7)
  2 big kobolds
  6 bullfrogs
  A gnoll sergeant (D:8)
  A wyvern skeleton (D:11)
  A scorpion (D:9)
  8 wights
  A howler monkey (D:3)
  A crimson imp (D:5)
  2 quasits
  2 hounds
  2 orc priests (D:7)
  2 jellies
  7 orc wizards
  2 centaur skeletons
  An iguana (D:7)
  3 worker ants
  2 hound skeletons
  A worker ant zombie (D:9)
  4 gnolls
  A howler monkey skeleton (D:7)
  7 adders
  A shadow imp (D:10)
  An adder skeleton (D:9)
  4 worms
  4 dart slugs
  3 leopard geckos
  14 orcs
  4 bats
  20 giant cockroaches
  10 goblins
  7 hobgoblins
  11 jackals
  16 kobolds
  4 quokkas
  A frilled lizard (D:2)
  8 rats
191 creatures vanquished.

Vanquished Creatures (collateral kills)
  A phantom (D:5)
  A crimson imp (D:5)
  A hound (D:3)
  A quasit (D:5)
  A bullfrog zombie (D:5)
  3 adders
  3 worms (D:2)
  2 hobgoblins (D:3)
  A jackal (D:1)
  A rat (D:3)
15 creatures vanquished.

Grand Total: 206 creatures vanquished

Notes
Turn   | Place    | Note
-------+----------+-------------------------------------------
     0 | D:1      | Seryemb the Gnoll Wizard began the quest for the Orb.
     0 | D:1      | Reached XP level 1. HP: 13/13 MP: 8/8
   283 | D:1      | Reached XP level 2. HP: 19/19 MP: 6/10
   287 | D:1      | Learned a level 2 spell: Call Imp
   540 | D:1      | Reached XP level 3. HP: 25/25 MP: 8/11
  1142 | D:2      | Reached skill level 1 in Invocations
  1320 | D:2      | Reached skill level 1 in Fighting
  1320 | D:2      | Reached skill level 1 in Short Blades
  1320 | D:2      | Reached skill level 1 in Long Blades
  1320 | D:2      | Reached skill level 1 in Axes
  1320 | D:2      | Reached skill level 1 in Maces & Flails
  1320 | D:2      | Reached skill level 1 in Polearms
  1320 | D:2      | Reached skill level 1 in Staves
  1320 | D:2      | Reached skill level 1 in Slings
  1320 | D:2      | Reached skill level 1 in Bows
  1320 | D:2      | Reached skill level 1 in Crossbows
  1320 | D:2      | Reached skill level 1 in Throwing
  1320 | D:2      | Reached skill level 1 in Armour
  1320 | D:2      | Reached skill level 1 in Shields
  1320 | D:2      | Reached skill level 1 in Unarmed Combat
  1320 | D:2      | Reached skill level 1 in Evocations
  1389 | D:2      | Reached XP level 4. HP: 32/32 MP: 3/13
  1581 | D:2      | Found an ancient bone altar of Kikubaaqudgha.
  1581 | D:2      | Found a blossoming altar of Fedhas.
  1950 | D:2      | Reached skill level 1 in Hexes
  1950 | D:2      | Reached skill level 1 in Charms
  1950 | D:2      | Reached skill level 1 in Necromancy
  1950 | D:2      | Reached skill level 1 in Transmutations
  1950 | D:2      | Reached skill level 1 in Fire Magic
  1950 | D:2      | Reached skill level 1 in Ice Magic
  1950 | D:2      | Reached skill level 1 in Air Magic
  1950 | D:2      | Reached skill level 1 in Earth Magic
  1950 | D:2      | Reached skill level 1 in Poison Magic
  2120 | D:2      | Reached XP level 5. HP: 37/37 MP: 7/14
  2705 | D:2      | Learned a level 2 spell: Blink
  2709 | D:2      | Learned a level 3 spell: Conjure Flame
  2713 | D:2      | Learned a level 3 spell: Mephitic Cloud
  2788 | D:3      | Reached XP level 6. HP: 44/44 MP: 11/16
  3306 | D:4      | Noticed Sigmund
  3413 | D:4      | Found a snail-covered altar of Cheibriados.
  3863 | D:5      | Entered Level 5 of the Dungeon
  3916 | D:5      | Reached skill level 5 in Dodging
  4207 | D:5      | Noticed a phantom
  4238 | D:5      | Killed a phantom
  4238 | D:5      | Reached XP level 7. HP: 50/50 MP: 1/18
  4616 | D:5      | Found a staircase to the Ecumenical Temple.
  4821 | Temple   | Entered the Ecumenical Temple
  4850 | Temple   | Became a worshipper of Ashenzari the Shackled
  5113 | D:6      | Reached skill level 5 in Stealth
  5306 | D:6      | Got the halberd of Calamity {flame, *Rage +Rage Str-4 Int+3
                  | Dex+7}
  5318 | D:6      | Identified the +4 halberd of Calamity {flame, *Rage +Rage
                  | Str-4 Int+3 Dex+7} (You found it on level 6 of the Dungeon)
  5354 | D:6      | Noticed Eustachio
  5358 | D:6      | Killed Eustachio
  5358 | D:6      | Reached XP level 8. HP: 57/57 MP: 12/19
  5852 | D:6      | Found a shimmering blue altar of Sif Muna.
  5985 | D:6      | Learned a level 2 spell: Poisonous Vapours
  6265 | D:7      | Reached skill level 8 in Spellcasting
  6446 | D:7      | Noticed a +0 hand axe
  6446 | D:7      | Noticed a +0 hand axe
  6449 | D:7      | Found a hide-covered altar of Uskayaw.
  6702 | D:7      | Found a faded altar of an unknown god.
  6702 | D:7      | Found an ornate altar of the Wu Jian Council.
  6759 | D:7      | Reached XP level 9. HP: 58/65 MP: 8/21
  6916 | D:7      | Found an iron altar of Okawaru.
  6918 | D:7      | Found an opulent altar of Gozag.
  6920 | D:7      | Found a hazy altar of Hepliaklqana.
  6951 | D:7      | Found Colido's Jewellery Boutique.
  7257 | D:7      | Reached * piety under Ashenzari
  7590 | D:8      | Reached skill level 5 in Invocations
  8022 | D:8      | Noticed an unseen horror
  8065 | D:8      | Killed an unseen horror
  8065 | D:8      | Reached XP level 10. HP: 54/73 MP: 2/22
  8582 | D:9      | Reached skill level 5 in Fighting
  8582 | D:9      | Reached skill level 5 in Short Blades
  8582 | D:9      | Reached skill level 5 in Long Blades
  8582 | D:9      | Reached skill level 5 in Axes
  8582 | D:9      | Reached skill level 5 in Maces & Flails
  8582 | D:9      | Reached skill level 5 in Polearms
  8582 | D:9      | Reached skill level 5 in Staves
  8582 | D:9      | Reached skill level 5 in Slings
  8582 | D:9      | Reached skill level 5 in Bows
  8582 | D:9      | Reached skill level 5 in Crossbows
  8582 | D:9      | Reached skill level 5 in Throwing
  8582 | D:9      | Reached skill level 5 in Armour
  8582 | D:9      | Reached skill level 5 in Shields
  8582 | D:9      | Reached skill level 5 in Unarmed Combat
  8582 | D:9      | Reached skill level 5 in Evocations
  8798 | D:9      | Noticed Joseph
  8813 | D:9      | Killed Joseph
  9011 | D:9      | Noticed Erolcha
  9380 | D:10     | Entered Level 10 of the Dungeon
  9432 | D:10     | Reached ** piety under Ashenzari
  9536 | D:10     | Noticed a two-headed ogre
  9544 | D:10     | Killed a two-headed ogre
  9544 | D:10     | Reached skill level 9 in Spellcasting
  9544 | D:10     | Reached skill level 5 in Conjurations
  9544 | D:10     | Reached skill level 5 in Summonings
  9544 | D:10     | Reached skill level 5 in Translocations
  9861 | D:10     | Found a staircase to the Lair.
  9979 | D:10     | Found Agonaph's Food Emporium.
 10098 | D:11     | Noticed a two-headed ogre
 10112 | D:11     | Slain by a two-headed ogre

Levels and vault maps discovered:
D:1:      dpeg_arrival_court, layout_basic, columned_hall_lemuel,
          minmay_misc_feat_iff
D:2:      minmay_chambers_of_ones, layout_loops_cross,
          grunt_temple_overflow_growth_and_decay
D:3:      minmay_roachtagon, layout_rooms, dk_vineyard_2,
          minmay_misc_feat_rugged
D:4:      layout_gridville, cheibriados_altar_1, uniq_sigmund
D:5:      layout_basic, temple_statues, first_ration, fountainhead
D:6:      layout_loops_cross, led_sif_pool, uniq_eustachio
D:7:      layout_basic, dancing_weapons_uskayaw,
          chequers_temple_overflow_minitemple, grunt_livestock,
          minmay_shop_enchanted_jewellery
D:8:      layout_loops_corners, grunt_ministairs_12
D:9:      layout_long_grid, uniq_joseph, uniq_erolcha
D:10:     layout_small_grid, lair_entry_dummy, serial_shops, nicolae_shop_stone
D:11:     layout_small_grid, orc_0_dummy, roderic_serpentine_path, uniq_erica
Temple:   cyrus_circular_temple

Skill      XL: |  1  2  3  4  5  6  7  8  9 10 |
---------------+-------------------------------+-----
Conjurations   | 2 3 4 5 |  5.1
Summonings     | 2 3 4 5 |  5.1
Translocations | 2 3 4 5 |  5.1
Invocations    | 1 2 3 4 5 6 |  6.1
Fighting       | 1 2 3 4 5 |  5.6
Short Blades   | 1 2 3 4 5 |  5.6
Long Blades    | 1 2 3 4 5 |  5.6
Axes           | 1 2 3 4 5 |  5.6
Maces & Flails | 1 2 3 4 5 |  5.6
Polearms       | 1 2 3 4 5 |  5.6
Staves         | 1 2 3 4 5 |  5.6
Slings         | 1 2 3 4 5 |  5.6
Bows           | 1 2 3 4 5 |  5.6
Crossbows      | 1 2 3 4 5 |  5.6
Throwing       | 1 2 3 4 5 |  5.6
Armour         | 1 2 3 4 5 |  5.6
Shields        | 1 2 3 4 5 |  5.6
Unarmed Combat | 1 2 3 4 5 |  5.6
Evocations     | 1 2 3 4 5 |  5.6
Hexes          | 1 2 3 4 |  4.6
Charms         | 1 2 3 4 |  4.6
Necromancy     | 1 2 3 4 |  4.6
Transmutations | 1 2 3 4 |  4.6
Fire Magic     | 1 2 3 4 |  4.6
Ice Magic      | 1 2 3 4 |  4.6
Air Magic      | 1 2 3 4 |  4.6
Earth Magic    | 1 2 3 4 |  4.6
Poison Magic   | 1 2 3 4 |  4.6
Dodging        | 5 6 7 |  7.3
Stealth        | 5 6 7 |  7.1
Spellcasting   | 8 9 |  9.2

Action                   |  1- 3 |  4- 6 |  7- 9 | 10-12 || total
-------------------------+-------+-------+-------+-------++-------
Melee: Flail             |    12 |   100 |     9 |       ||   121
       Bite              |     2 |     9 |     8 |     9 ||    28
       Punch             |       |     1 |       |       ||     1
       Halberd           |       |       |    79 |    92 ||   171
       Battleaxe         |       |       |    24 |       ||    24
 Fire: Hunting sling     |       |    11 |   101 |       ||   112
 Cast: Magic Dart        |    56 |   122 |    73 |    38 ||   289
       Call Imp          |     8 |    17 |    10 |       ||    35
       Conjure Flame     |       |     1 |    21 |     2 ||    24
       Mephitic Cloud    |       |     1 |     9 |     4 ||    14
       Poisonous Vapours |       |       |     3 |     2 ||     5
       Blink             |       |       |     4 |       ||     4
Invok: Curse Item        |       |       |       |     1 ||     1
 Abil: Evoke Berserk Rag |       |       |     1 |       ||     1
  Use: Scroll            |       |    12 |       |       ||    12
 Stab: Distracted        |       |       |     1 |       ||     1
       Confused          |       |       |     4 |     1 ||     5
       Sleeping          |       |       |     3 |       ||     3
  Eat: Chunk             |     1 |     5 |    12 |     1 ||    19
       Ration            |       |     1 |       |     2 ||     3
Armor: Ring mail         |    11 |    50 |    56 |    16 ||   133
Dodge: Dodged            |    12 |   138 |   101 |    62 ||   313
       Deflected         |       |       |     2 |     4 ||     6
